 Dungeon Crawl Stone Soup version 0.27.1-33-g824d729ab1 (webtiles) character file.

Game seed: 10934926272215724755

724 zeram the Cleaver (level 7, 0/85 HPs)
             Began as a Hill Orc Fighter on Dec 28, 2021.
             Succumbed to a killer bee's poison
             ... on level 7 of the Dungeon.
             The game lasted 00:06:50 (4268 turns).

zeram the Cleaver (Hill Orc Fighter)                Turns: 4268, Time: 00:06:50

Health: 0/85       AC: 23    Str: 21    XL:     7   Next: 71%
Magic:  7/7        EV:  2    Int:  8    God:
Gold:   216        SH: 10    Dex: 10    Spells: 6/6 levels left

rFire    . . .     SeeInvis .   a - +0 war axe
rCold    . . .     Faith    .   c - +0 kite shield
rNeg     + + +     Spirit   .   (armour currently unavailable)
rPois    +         Reflect  .   (helmet currently unavailable)
rElec    .         Harm     .   (cloak currently unavailable)
rCorr    .         Rampage  .   (gloves currently unavailable)
Will     .....     NoTele   +   (boots currently unavailable)
Stlth    +.........             (no amulet)
HPRegen  0.24/turn              h - +4 ring of evasion
MPRegen  0.10/turn              (no ring)

@: lethally poisoned (0 -> -2), tree-form, attractive
A: stationary, stasis, torment immunity, boosted hp
a: no special abilities


You were on level 7 of the Dungeon.
You were a tree.
You visited 1 branch of the dungeon, and saw 5 of its levels.

You collected 216 gold pieces.

Inventory:

Hand Weapons
 a - a +0 war axe (weapon)
Armour
 b - a +0 scale mail (melded)
 c - a +0 kite shield (worn)
 k - a +0 pair of gloves (melded)
Jewellery
 h - a +4 ring of evasion (left branch)
Scrolls
 g - a scroll of vulnerability
 j - a scroll of enchant weapon {unknown}
 l - 2 scrolls of magic mapping
 o - a scroll of acquirement
Potions
 n - a potion of ambrosia {unknown}


   Skills:
 - Level 3.6 Fighting
 + Level 8.2 Axes
 + Level 4.8 Armour
 + Level 1.6 Dodging
 + Level 5.4 Shields


You had 6 spell levels left.
You didn't know any spells.
Your spell library contained the following spells:

 Spells                   Type           Power      Damage    Failure   Level
 Gell's Gravitas          Tloc           0%         N/A       99%         3
 Teleport Other           Tloc           0%         N/A       99%         3
 Dispersal                Tloc           0%         N/A       100%        6


Dungeon Overview and Level Annotations

Branches:
Dungeon (4/15)
 Temple: D:4-7

Altars:


Message History

You are more poisoned.
The killer bee poisons you!
You miss the killer bee.
The killer bee is lightly wounded.
* * * LOW HITPOINT WARNING * * *
You feel very sick. The killer bee misses you.
You block the killer bee's attack.
Unknown command.
It was a potion of lignification.
You turn into a tree.
Your +0 pair of gloves melds into your body.
Your +0 scale mail melds into your body.
Your roots penetrate the ground.
You feel sick.
The killer bee stings you but does no damage. x2
Okay, then.
You barely miss the killer bee.
The killer bee is lightly wounded.
You feel very sick.
The killer bee stings you but does no damage.
You block the killer bee's attack. x2
You barely miss the killer bee.
The killer bee is lightly wounded.
You feel sick.
The killer bee stings you but does no damage.
You block the killer bee's attack.
You barely miss the killer bee.
The killer bee is lightly wounded.
You feel sick.
The killer bee stings you but does no damage. x2
The killer bee stings you!
* * * LOW HITPOINT WARNING * * *
You slash the killer bee!
The killer bee is heavily wounded.
* * * LOW HITPOINT WARNING * * *
You feel sick. The killer bee stings you.
* * * LOW HITPOINT WARNING * * *
The killer bee stings you but does no damage. x2
Unknown command.
It was a potion of attraction.
You feel attractive to monsters.
You die...

#.# ## #.# #.#
#.# ##.#
####..#
#....##
#...#########.
#.....♣y......
#...##########
#...# #####


You could see a killer bee.

Vanquished Creatures
  Grinder (D:3)
  A phantom (D:4)
  2 killer bees (D:7)
  A howler monkey (D:7)
  A centaur zombie (D:3)
  2 jellies (D:4)
  An orc priest (D:3)
  An iguana (D:7)
  Terence (D:2)
  A killer bee zombie (D:7)
  A howler monkey skeleton (D:7)
  2 adders
  A shadow imp (D:7)
  2 dart slugs (D:3)
  12 orcs
  3 ball pythons
  3 endoplasms
  3 giant cockroaches
  9 hobgoblins
  7 jackals
  A quokka (D:2)
  5 bats
  7 frilled lizards
  15 goblins
  6 kobolds
  A rat (D:2)
90 creatures vanquished.

Notes
Turn   | Place    | Note
-------+----------+-------------------------------------------
     0 | D:1      | zeram the Hill Orc Fighter began the quest for the Orb.
     0 | D:1      | Reached XP level 1. HP: 19/19 MP: 1/1
   166 | D:1      | Reached skill level 3 in Axes
   166 | D:1      | Reached XP level 2. HP: 13/26 MP: 2/2
   914 | D:1      | Identified a scroll of acquirement
   914 | D:1      | Acquired a +4 ring of evasion
  1092 | D:2      | Reached XP level 3. HP: 31/31 MP: 3/3
  1185 | D:2      | Reached skill level 4 in Axes
  1513 | D:2      | Noticed Terence
  1525 | D:2      | Killed Terence
  1526 | D:2      | Reached XP level 4. HP: 31/39 MP: 4/4
  2081 | D:3      | Reached skill level 5 in Axes
  2081 | D:3      | Reached XP level 5. HP: 45/45 MP: 5/5
  2682 | D:3      | Noticed Grinder
  2692 | D:3      | Killed Grinder
  2693 | D:3      | Reached skill level 6 in Axes
  2693 | D:3      | Reached skill level 1 in Dodging
  2693 | D:3      | Reached XP level 6. HP: 22/51 MP: 6/6
  3065 | D:3      | Found a faded altar of an unknown god.
  3249 | D:4      | Reached skill level 7 in Axes
  3267 | D:4      | Reached skill level 5 in Shields
  3267 | D:4      | Reached XP level 7. HP: 21/57 MP: 7/7
  3676 | D:4      | You fall into a shaft and drop 3 floors!
  3930 | D:7      | Reached skill level 8 in Axes
  3978 | D:7      | Noticed a komodo dragon
  4266 | D:7      | HP: 3/85 [killer bee (7)]
  4267 | D:7      | HP: 1/85 [killer bee (2)]
  4268 | D:7      | Succumbed to a killer bee's poison

Illustrated notes

Levels and vault maps discovered:
D:1:      matt_arrival_spirals, layout_rooms
D:2:      layout_loops_ring, uniq_terence
D:3:      cheibrodos_greedy_goblins, layout_loops_corners,
          hellmonk_ecumenical_altar_pennies_from_heaven, uniq_grinder
D:4:      layout_loops_corners, lemuel_crystal_altar, nemelex_dance_club_becter,
          grunt_qazlal_clouds, mainiacjoe_overflow_six_doors_small,
          mainiacjoe_overflow_swirl
D:7:      layout_rooms, grunt_ministairs_8

Skill      XL: |  1  2  3  4  5  6  7 |
---------------+----------------------+-----
Axes           | 3 4 5 6 7 8 |  8.2
Shields        | 4 5 |  5.4
Armour         | 4 |  4.8
Dodging        | 1 |  1.6
Fighting       | |  3.6

Action                   |  1- 3 |  4- 6 |  7- 9 || total
-------------------------+-------+-------+-------++-------
Melee: War axe           |   116 |   144 |    95 ||   355
  Use: Scroll            |     3 |     4 |     1 ||     8
       Potion            |     1 |     4 |     5 ||    10
Armor: Scale mail        |    53 |    57 |    25 ||   135
       Skin              |       |       |     8 ||     8
Dodge: Dodged            |    61 |    85 |    60 ||   206
Block: Kite shield       |    66 |    77 |    65 ||   208
